[Event "The Schackveckan 2023: Göteborg open"]
[Site "Göteborgs schackcentrum, Vegagatan 20, Gothenburg, Sweden"]
[Date "2023.08.11"]
[Round "1.1"]
[White "Lindhe Nilsson, Filip"]
[Black "Hector, Jonny"]
[Result "0-1"]
[TimeControl "15 minutes + 5 seconds per move from move one (Round 1 - 4) / 90 minutes + 30 seconds per move from move one (Round 5 - 8)"]
[BlackTitle "GM"]
[WhiteFideId "1779826"]
[BlackFideId "1700090"]
[WhiteElo "1818"]
[BlackElo "2466"]

1. e4 e5 2. Nc3 Nf6 3. f4 d5 4. fxe5 Nxe4 5. Qf3 f5 6. d4 c5 7. Be3 Nc6 8. Nge2 Be7 9. O-O-O c4 10.
Nf4 Nb4 11. a3 Qa5 12. axb4 Qa1+ 13. Nb1 c3 14. bxc3 Nxc3 15. Kd2 Nxb1+ 16. Rxb1 Qa4 17. Bd3 Bd7 18. Nxd5 Bc6 19. Bxf5 Bxb4+ 20. Ke2 O-O 21. Rxb4 Qxb4 22. Be6+ Kh8 23. Nxb4 Bxf3+ 24. gxf3 a5 25. Nd3 a4 26. Ba2 Rac8 27. Kd2 b5 28.
Rb1 Rxf3 29. Rxb5 Rh3 30. Bf4 g5 31. Bg3 Rh6 32. d5 Ra6 33. d6 Rac6 34. e6 0-1

[Event "The Schackveckan 2023: Göteborg open"]
[Site "Göteborgs schackcentrum, Vegagatan 20, Gothenburg, Sweden"]
[Date "2023.08.11"]
[Round "1.2"]
[White "Olsson, William"]
[Black "Andersson, Stig"]
[Result "1-0"]
[TimeControl "15 minutes + 5 seconds per move from move one (Round 1 - 4) / 90 minutes + 30 seconds per move from move one (Round 5 - 8)"]
[WhiteTitle "FM"]
[WhiteFideId "1741721"]
[BlackFideId "1731971"]
[WhiteElo "2400"]
[BlackElo "1811"]

1. c4 c5 2. Nc3 Nf6 3. Nf3 Nc6 4. g3 d6 5. Bg2 g6 6. O-O Bg7 7. a3 O-O 8. Rb1 Bd7 9. b4 Qc8 10. Re1 Rb8 11. d3 Re8 12.
Qb3 b6 13. Bb2 Ng4 14. b5 Nd4 15. Nxd4 Bxd4 16. e3 Bg7 17. Ne4 Nf6 18. Nxf6+ Bxf6 19. Bxf6 exf6 20. Qc3 Qd8 21. a4 Qe7 22.
a5 Bf5 23. Ra1 Kg7 24. axb6 axb6 25. Bc6 Red8 26. Ra3 Bh3 27. Qa1 Qe6 28. Ra7 d5 29. cxd5 Qg4 30. Qa4 Qh5 31. Qf4 g5 32.
Qe4 Bg4 33. f4 Bf3 34. Qc4 gxf4 35. Qxf4 Bxd5 36. Rf1 Qg5 37. Bxd5 Qxf4 38. Rxf7+ Kg6 39. Rxf4 Rxd5 40.
R4xf6+ Kg5 41. h4+ Kg4 42. Rg7+ Kh3 43. Rf2 1-0

[Event "The Schackveckan 2023: Göteborg open"]
[Site "Göteborgs schackcentrum, Vegagatan 20, Gothenburg, Sweden"]
[Date "2023.08.11"]
[Round "1.3"]
[White "Eldh, Hjalmar"]
[Black "Ustianovich, Nazar"]
[Result "0-1"]
[TimeControl "15 minutes + 5 seconds per move from move one (Round 1 - 4) / 90 minutes + 30 seconds per move from move one (Round 5 - 8)"]
[BlackTitle "FM"]
[WhiteFideId "1767968"]
[BlackFideId "14109778"]
[WhiteElo "1738"]
[BlackElo "2314"]

1. e4 c5 2. Nf3 e6 3. d4 cxd4 4. Nxd4 a6 5. Be3 Nf6 6. f3 d5 7. Bg5 dxe4 8. fxe4 Qa5+ 9. Bd2 Qe5 10.
Nf3 Qxe4+ 11. Be2 Bc5 12. Nc3 Qg4 13. Bf1 O-O 14. Qe2 Nc6 15. O-O-O Nd4 16. Nxd4 Bxd4 17. h3 Qxe2 18. Nxe2 Bc5 19.
Ng3 b5 20. Bg5 Bb7 21. Bxf6 gxf6 22. Nh5 Rfd8 23. Bd3 f5 24. Nf4 Be3+ 25. Kb1 Bxf4 26. Rhf1 Be3 27. g4 f4 28. b3 Bg2 29. Rfe1 Bf3 30. Kb2 Bxd1 31.
Rxd1 f3 32. Kc3 Rac8+ 33. Kb4 f2 34. h4 Kg7 35. g5 Rxd3 36. cxd3 Bd2+ 37. Rxd2 f1=Q 38. Rb2 Qc1 39. Rf2 Qc5+ 40. Ka5 b4+ 41. Ka4 Qb5# 0-1

[Event "The Schackveckan 2023: Göteborg open"]
[Site "Göteborgs schackcentrum, Vegagatan 20, Gothenburg, Sweden"]
[Date "2023.08.11"]
[Round "1.4"]
[White "Wengholm, Anders"]
[Black "Kosmidis, Thomas"]
[Result "0-1"]
[TimeControl "15 minutes + 5 seconds per move from move one (Round 1 - 4) / 90 minutes + 30 seconds per move from move one (Round 5 - 8)"]
[WhiteFideId "1704818"]
[BlackFideId "1753380"]
[WhiteElo "2155"]
[BlackElo "1721"]

1. Nf3 d5 2. d4 Nf6 3. c4 c6 4. Nc3 e6 5. Bg5 Be7 6. e3 Nbd7 7. Bd3 b6 8. cxd5 cxd5 9. O-O Bb7 10.
Rc1 a6 11. a4 O-O 12. Qe2 Ne4 13. Bf4 f5 14. Ne5 Nxe5 15. Bxe5 Bd6 16. Bxd6 Qxd6 17. f3 Nf6 18. Qd2 Rac8 19.
Ne2 Rxc1 20. Rxc1 Rc8 21. Rxc8+ Bxc8 22. a5 b5 23. Qc3 Bb7 24. b4 Nd7 25. Nc1 Qc6 26. Qxc6 Bxc6 27. Nb3 Kf7 28. Kf2 g6 29. g4 Kf6 30. Kg3 h6 31. h4 Bb7 32. Be2 Bc8 33. f4 Ke7 34.
h5 gxh5 35. gxf5 exf5 36. Bxh5 Nf6 37. Bf3 Kd6 38. Kh4 Ng4 39. Bxg4 fxg4 40. Nc5 h5 41. Nd3 Ke6 42. Ne5 Kf5 43. Kxh5 g3 44. Kh4 g2 45. Nf3 Ke4 46. Kg3 Kxe3 47.
Kxg2 Kxf4 48. Kf2 Ke4 49. Ne5 Kxd4 0-1

[Event "The Schackveckan 2023: Göteborg open"]
[Site "Göteborgs schackcentrum, Vegagatan 20, Gothenburg, Sweden"]
[Date "2023.08.11"]
[Round "1.5"]
[White "Wennerlund, Elias"]
[Black "Bjorklund, Thomas"]
[Result "0-1"]
[TimeControl "15 minutes + 5 seconds per move from move one (Round 1 - 4) / 90 minutes + 30 seconds per move from move one (Round 5 - 8)"]
[WhiteFideId "1742353"]
[BlackFideId "1724576"]
[WhiteElo "1710"]
[BlackElo "2139"]

1. e4 c5 2. b3 Nc6 3. Bb2 d6 4.
Bb5 Bd7 5. f4 Nf6 6. Qe2 e6 7. Nf3 Be7 8. O-O O-O 9. d3 a6 10. Bxc6 Bxc6 11. Nbd2 b5 12. Rae1 Re8 13. h3 Rb8 14. g4 Bf8 15. f5 exf5 16.
gxf5 c4 17. Nd4 Ba8 18. Rf2 Qc7 19. N2f3 Nd7 20. Rg2 Ne5 21. f6 g6 22. Bc1 d5 23. Nh4 cxd3 24. cxd3 dxe4 25. dxe4 Nd7 26.
Qf2 Rxe4 0-1

[Event "The Schackveckan 2023: Göteborg open"]
[Site "Göteborgs schackcentrum, Vegagatan 20, Gothenburg, Sweden"]
[Date "2023.08.11"]
[Round "1.6"]
[White "Eriksson, Kristian"]
[Black "Lindholm, Marcus"]
[Result "1/2-1/2"]
[TimeControl "15 minutes + 5 seconds per move from move one (Round 1 - 4) / 90 minutes + 30 seconds per move from move one (Round 5 - 8)"]
[WhiteFideId "1705172"]
[BlackFideId "1743473"]
[WhiteElo "2057"]
[BlackElo "1708"]

1. e4 c5 2. Nc3 Nc6 3. Bb5 Nd4 4. Bc4 e6 5. Nf3 Ne7 6. O-O g6 7. d3 Bg7 8. Re1 O-O 9. Nxd4 cxd4 10.
Ne2 d5 11. Bb3 a5 12. a4 dxe4 13. dxe4 e5 14. Ng3 Kh8 15. f4 Qd6 16. Rf1 f5 17. exf5 Nxf5 18. Ne4 Qb6 19. Kh1 Be6 20. Bxe6 Qxe6 21.
Qe2 Rae8 22. Ng5 Qc6 23. Qf3 Qxf3 24. gxf3 exf4 25. Bxf4 Ne3 26. Bxe3 dxe3 27. c3 Bh6 28. Ne4 Re7 29.
Kg2 Rd8 30. Rad1 Red7 31. Rxd7 Rxd7 32. Re1 Kg7 33. Re2 Rd2 34. Kf1 Kf7 35. Rxd2 exd2 36. Ke2 Bf4 37. h3 b6 38. Nxd2 Ke6 39. Nc4 Bc7 40. Ke3 Kf5 41.
h4 Bd8 42. b4 axb4 43. cxb4 h5 44. a5 bxa5 45. bxa5 Bc7 46.
a6 Bb8 47. Na5 Ba7+ 48. Ke2 Kf4 49.
Nc6 Bb6 50. a7 Bxa7 51. Nxa7 Kg3 52. Nc6 Kxh4 53. Ne5 Kg5 54. Kf2 Kf5 55. Nd3 g5 56. Kg3 Ke6 57. Nf2 Kf5 58. Nd3
Ke6 1/2-1/2

[Event "The Schackveckan 2023: Göteborg open"]
[Site "Göteborgs schackcentrum, Vegagatan 20, Gothenburg, Sweden"]
[Date "2023.08.11"]
[Round "1.7"]
[White "Johansson, Jan"]
[Black "Johansson, William"]
[Result "0-1"]
[TimeControl "15 minutes + 5 seconds per move from move one (Round 1 - 4) / 90 minutes + 30 seconds per move from move one (Round 5 - 8)"]
[WhiteFideId "1747568"]
[BlackFideId "1744070"]
[WhiteElo "1694"]
[BlackElo "2052"]

1. d4 Nf6 2. Nf3 d5 3. c3 Bf5 4. Bf4 e6 5. e3 Be7 6. Bd3 Bg6 7. Ne5 Nbd7 8. Qc2 Rc8 9. Nd2 c5 10.
O-O c4 11. Bxg6 hxg6 12. a4 Nh5 13. Nxg6 fxg6 14. Qxg6+ Kf8 15. Qxe6 Nxf4 16. exf4 Nf6 17. Rfe1 Rc6 18. Qf5 Rh5 19.
Qg6 Rh6 20. Qc2 Bd6 21. g3 Qd7 22. h4 Qg4 23. Re3 Bxf4 24. Rae1 Bxe3 25. Rxe3 Re6 26. Rxe6 Qxe6 27. Nf3 Qe4 28.
Qd1 Qd3 29. Ng5 Qxd1+ 0-1

[Event "The Schackveckan 2023: Göteborg open"]
[Site "Göteborgs schackcentrum, Vegagatan 20, Gothenburg, Sweden"]
[Date "2023.08.11"]
[Round "1.8"]
[White "Svensson, Leif"]
[Black "Granath, Andreas"]
[Result "1-0"]
[TimeControl "15 minutes + 5 seconds per move from move one (Round 1 - 4) / 90 minutes + 30 seconds per move from move one (Round 5 - 8)"]
[WhiteFideId "1702459"]
[BlackFideId "1743333"]
[WhiteElo "2038"]
[BlackElo "1673"]

1. d4 Nf6 2. Nc3 e6 3. e4 d5 4.
Bg5 dxe4 5. Nxe4 Be7 6. Bxf6 Bxf6 7. Nf3 O-O 8. Qd2 h6 9. O-O-O b6 10. Qe3 Bb7 11. Bd3 Nd7 12. Kb1 Qe7 13.
g4 e5 14. Rhg1 exd4 15. Nxd4 Nc5 16. Nf5 Qe5 17. Nxf6+ Qxf6 18. g5 hxg5 19. Rxg5 Ne6 20. Rgg1 Rad8 21. Qh3 Ng5 22. Qh4 Rxd3 23.
Rxd3 Qxf5 24. Qxg5 Qxg5 25. Rxg5 Re8 26. b3 Re2 27. Rd8+ Kh7 28. Rd7 Rxf2 29. Rxc7 Be4 30. Kb2 Kh6 31. Rg4 Bg6 32. h4 Kh5 33.
Ra4 a5 34. Rd4 f5 35. Rxg7 Kh6 36. Rc7 f4 37. Rc6 f3 38. Rg4 Kh5 39. Rcxg6 Rh2 40. R6g5+ Kh6 41. Rf5 f2 42. Rf8 Kh5 43. Rgf4 1-0

[Event "The Schackveckan 2023: Göteborg open"]
[Site "Göteborgs schackcentrum, Vegagatan 20, Gothenburg, Sweden"]
[Date "2023.08.11"]
[Round "1.10"]
[White "Bengtsson, Siv"]
[Black "Thern, Alfred"]
[Result "1-0"]
[TimeControl "15 minutes + 5 seconds per move from move one (Round 1 - 4) / 90 minutes + 30 seconds per move from move one (Round 5 - 8)"]
[WhiteFideId "1701673"]
[BlackFideId "1775227"]
[WhiteElo "2010"]
[BlackElo "1643"]

1. e4 e5 2. Nf3 Nc6 3. Bb5 a6 4. Ba4 Nf6 5. d3 d6 6. c3 Be7 7. Nbd2 O-O 8. O-O Re8 9. Re1 Bf8 10.
Nf1 g6 11. Bg5 Bg7 12. Qd2 b5 13. Bc2 Bb7 14. a4 Qd7 15. d4 d5 16. exd5 Nxd5 17. axb5 axb5 18. Rxa8 Bxa8 19. dxe5 Nxe5 20.
Nxe5 Rxe5 21. Rxe5 Bxe5 22. Be4 c6 23. Bf3 Qd6 24. h3 f5 25. Qe2 f4 26. Nd2 Nf6 27. Bxf6 Qxf6 28. Ne4 Qe7 29.
Nd2 Bd6 30. Qxe7 Bxe7 31. Nb3 Bd8 32. Nd4 c5 33. Nxb5 Bxf3 34. gxf3 Bb6 35. Nd6 Kf8 36. Kf1 Bc7 37. Ne4 Bb6 38. Ke2 Ke7 39. Kd3 Kd7 40. Nf6+ Kd6 41. Nxh7 c4+ 42. Kxc4 Bxf2 43. Ng5 Ba7 44. b4 Kc6 45. Ne4 Be3 46. b5+ Kb6 47. Kb4 Bc1 48. c4 Bb2 49. c5+ Kc7 50. Ng5 Bf6 51.
Ne6+ 1-0

[Event "The Schackveckan 2023: Göteborg open"]
[Site "Göteborgs schackcentrum, Vegagatan 20, Gothenburg, Sweden"]
[Date "2023.08.11"]
[Round "1.11"]
[White "Imani Lasaki, Hamed"]
[Black "Krantz, Martin"]
[Result "0-1"]
[TimeControl "15 minutes + 5 seconds per move from move one (Round 1 - 4) / 90 minutes + 30 seconds per move from move one (Round 5 - 8)"]
[WhiteFideId "1766970"]
[BlackFideId "1724100"]
[WhiteElo "1624"]
[BlackElo "2000"]

1. e4 c5 2. Nf3 Nc6 3. d4 cxd4 4. Nxd4 e5 5. Nf3 Nf6 6. Nc3 Bb4 7. Bd3 d5 8. O-O Bxc3 9. bxc3 dxe4 10.
Nxe5 Nxe5 11. Bb5+ Bd7 12. Qe2 O-O 13. Rd1 Qb6 14. a4 a6 15. Be3 Qc7 16. Bxd7 Nexd7 17. Rab1 b6 18. g3 Rac8 19.
Qxa6 Qxc3 20. Qb7 Qc6 21. Qa6 Ra8 22. Qe2 Rxa4 23. Rb2 Rfa8 24. Rdb1 Ra1 25. Qd1 Rxb1 26. Qxb1 Nd5 27. Ra2 Rxa2 28. Qxa2 h6 29. c4 Nxe3 30. fxe3 Ne5 31. Qd2 Nf3+ 0-1

[Event "The Schackveckan 2023: Göteborg open"]
[Site "Göteborgs schackcentrum, Vegagatan 20, Gothenburg, Sweden"]
[Date "2023.08.11"]
[Round "1.12"]
[White "Wesslen, Ulf"]
[Black "Al Saab, Ranny"]
[Result "1-0"]
[TimeControl "15 minutes + 5 seconds per move from move one (Round 1 - 4) / 90 minutes + 30 seconds per move from move one (Round 5 - 8)"]
[WhiteFideId "1705199"]
[BlackFideId "1768360"]
[WhiteElo "1916"]
[BlackElo "1598"]

1. e4 e5 2. Nf3 Nf6 3. Nxe5 Nc6 4. Nf3 Nxe4 5. d4 d5 6. Be2 Be7 7. O-O O-O 8. c4 dxc4 9. Bxc4 Bg4 10.
Nc3 Ng5 11. Be3 Nxf3+ 12. gxf3 Bh3 13. Re1 Qd6 14. Kh1 Rad8 15. Ne4 Qb4 16. b3 Ne5 17. Bd2 Rxd4 18. Bxb4 Rxd1 19. Bxe7 Rxa1 20.
Rxa1 Re8 21. Rd1 Nxc4 22. bxc4 h6 23. Bc5 b6 24. Be3 a5 25. Nc3 Be6 26. Nd5 Bh3 27. Nxc7 Rc8 28. Bxb6 a4 29. c5 Kh7 30. Nd5 Be6 31.
Kg2 Re8 32. Nc7 Re7 33. Re1 Bh3+ 34.
Kxh3 Rxe1 35. Nb5 Rc1 36. Nd4 Rd1 37. c6 Rc1 38. c7 Kg6 39. Nb5 Rc6 40. Na7 Rxb6 41. c8=Q Rf6 42. Kg3 Kh7 43. Nc6 h5 44. h4 Rg6+ 45.
Kh3 Rf6 46. Ne5 Rf4 47. Qc2+ f5 48. Kg3 1-0

[Event "The Schackveckan 2023: Göteborg open"]
[Site "Göteborgs schackcentrum, Vegagatan 20, Gothenburg, Sweden"]
[Date "2023.08.11"]
[Round "1.13"]
[White "Hallberg, Kristjan"]
[Black "Granath, Jonas"]
[Result "0-1"]
[TimeControl "15 minutes + 5 seconds per move from move one (Round 1 - 4) / 90 minutes + 30 seconds per move from move one (Round 5 - 8)"]
[WhiteFideId "1717499"]
[BlackFideId "1761013"]
[WhiteElo "1592"]
[BlackElo "1896"]

1. d4 d5 2. Nf3 c5 3. e3 cxd4 4. exd4 Nf6 5. Bd3 Bg4 6. Nbd2 e6 7. c3 Bd6 8. O-O O-O 9. Re1 Qc7 10.
h3 Bh5 11. Qc2 Nc6 12. b3 Rac8 13. Bb2 Nb4 14. Qb1 Nxd3 15. Qxd3 Bg6 16. Qe2 Ne4 17. Ne5 Nxc3 18. Qg4 Bf5 19.
Qh5 Ne4 20. Nxe4 Bxe4 21. Ng4 Bg6 22. Qg5 Qc2 23. Qc1 Qf5 24. Ne3 Rxc1 25. Nxf5 Rxe1+ 26. Rxe1 Bxf5 0-1

[Event "The Schackveckan 2023: Göteborg open"]
[Site "Göteborgs schackcentrum, Vegagatan 20, Gothenburg, Sweden"]
[Date "2023.08.11"]
[Round "1.14"]
[White "Johansson, Roy"]
[Black "Bergholtz, Karl"]
[Result "1-0"]
[TimeControl "15 minutes + 5 seconds per move from move one (Round 1 - 4) / 90 minutes + 30 seconds per move from move one (Round 5 - 8)"]
[WhiteFideId "1745972"]
[BlackFideId "1756141"]
[WhiteElo "1890"]
[BlackElo "1521"]

1. d4 Nf6 2. Bf4 e6 3. e3 d5 4. Nd2 Bd6 5. Bg3 O-O 6. Ngf3 a6 7. Bd3 Nc6 8. c3 Ne7 9. Ne5 Ng6 10.
O-O c5 11. Nxg6 fxg6 12. Bxd6 Qxd6 13. f4 c4 14. Bc2 Bd7 15. Qe2 Bc6 16. Nf3 b5 17. a3 Nd7 18. Ng5 Nf6 19. Rae1 Ne4 20.
Nf3 Nf6 21. Ne5 Ne4 22. Bxe4 dxe4 23. Qg4 Bd5 24. h4 Qe7 25. g3 Qf6 26. Nd7 Qf5 27. Qxf5 Rxf5 28. g4 Rf7 29. Ne5 Rf6 30.
Rf2 Rc8 31. Rh2 a5 32. Kg2 Rc7 33. Reh1 h6 34. g5 Rf8 35. Nxg6 Rxf4 36. Nxf4 1-0

[Event "The Schackveckan 2023: Göteborg open"]
[Site "Göteborgs schackcentrum, Vegagatan 20, Gothenburg, Sweden"]
[Date "2023.08.11"]
[Round "1.15"]
[White "Torres, Lucas"]
[Black "Ottgard, Andreas"]
[Result "0-1"]
[TimeControl "15 minutes + 5 seconds per move from move one (Round 1 - 4) / 90 minutes + 30 seconds per move from move one (Round 5 - 8)"]
[WhiteFideId "1769464"]
[BlackFideId "1730592"]
[WhiteElo "1501"]
[BlackElo "1874"]

1. e4 d6 2. d4 Nf6 3. Bd3 e5 4. c3 g6 5. Nf3 Nc6 6. O-O Bg7 7. Bg5 h6 8. Bh4 O-O 9. Nbd2 g5 10.
Bg3 exd4 11. cxd4 Nh5 12. Nb3 Nxg3 13. hxg3 Bg4 14. Be2 Qf6 15. d5 Bxf3 16. Bxf3 Ne5 17. Rb1 Nxf3+ 18. Qxf3 Rfe8 19.
Rfc1 Re7 20. Qxf6 Bxf6 21. f3 a5 22. Rc2 a4 23. Nd2 Ra5 24. Rbc1 Bd4+ 25. Kh2 Bc5 26. b3 Ra8 27. Kh3 Kg7 28.
Rc4 b5 29. R4c2 a3 30. Kg4 Kg6 31. Rh1 Re5 32. f4 Ree8 33. f5+ Kg7 34. Kf3 Re5 35. g4 Rae8 36. Re1 R8e7 37. Re2 Kf6 38.
Re1 Bb4 39. Rh1 Kg7 40. Re1 Bc5 41. Re2 Bb4 42. Re1 Bc5 43. Re2 Bb6 44. Re1 Rxd5 45. exd5 Rxe1 46. Kg3 Re5 47. Nf3 Rxd5 48. Re2 Rd3 49. Kh2 Rd1 50. Kg3 Ra1 51. Ne1 Bd4 52. Nc2 Be5+ 53.
Rxe5 Rxa2 54. f6+ Kxf6 55. Rf5+ Ke7 56. Nb4 Rb2 57. Nd5+ Ke6 58. Nxc7+ Kd7 59. Nxb5 Rxb3+ 60. Rf3 Rxf3+ 61. gxf3 a2 62. Nd4 a1=Q 63. Nf5 Qe5+ 64. Kf2 Qe6 65.
Nd4 Qf6 66. Nf5 d5 67. Ke3 Kc6 68. Nd4+ Kc5 69. Nb3+ Kc4 70. Nd2+ Kb4 71. Kd3 Qf4 72. Ke2 f5 73. gxf5 Qxf5 74. Nf1 Qf4 75. Ne3 Kc5 76. Ng2 Qh2 77.
Kf1 Qxg2+ 78. Kxg2 Kd4 79. Kf2 Kd3 80. Ke1 Ke3 81. f4 gxf4 82. Kf1 f3 83. Ke1 f2+ 84. Kf1 d4 85. Kg2 Ke2 86. Kg3 f1=Q 87. Kg4 h5+ 88. Kxh5 Qg2 89. Kh4 Kf3 90.
Kh5 Kf4 91. Kh6 Kf5 92. Kh7 Kf6 0-1

[Event "The Schackveckan 2023: Göteborg open"]
[Site "Göteborgs schackcentrum, Vegagatan 20, Gothenburg, Sweden"]
[Date "2023.08.11"]
[Round "1.16"]
[White "Mohammed, Safian Haj"]
[Black "Pintaric, Felix"]
[Result "1/2-1/2"]
[TimeControl "15 minutes + 5 seconds per move from move one (Round 1 - 4) / 90 minutes + 30 seconds per move from move one (Round 5 - 8)"]
[WhiteFideId "1729276"]
[BlackFideId "1776096"]
[WhiteElo "1862"]
[BlackElo "1483"]

1. e4 c5 2. Nf3 d6 3. d4 cxd4 4. Nxd4 Nf6 5. Nc3 a6 6. Bg5 e6 7. f4 Be7 8. Qf3 Qc7 9. O-O-O Nbd7 10. g4 h6 11. Bxf6 Nxf6 12. g5 Nd7 13. g6 O-O 14. gxf7+ Rxf7 15.
Nxe6 Qa5 16. Bc4 Ne5 17. Qe2 Nxc4 18. Qxc4 Bxe6 19. Qxe6 Kf8 20. f5 Re8 21. Kb1 Bf6 22. Qxd6+ Kg8 23. Rd5 Qc7 24. Qxc7 Rxc7 25. Re1 Bxc3 26. bxc3 Rxc3 27. e5 Kf7 28. Rd7+ Re7 29. Rd3 Rc4 30. Rf3 Rc5 31. Rfe3 Rc4 32.
Rf3 Rc5 33. Rfe3 1/2-1/2

[Event "The Schackveckan 2023: Göteborg open"]
[Site "Göteborgs schackcentrum, Vegagatan 20, Gothenburg, Sweden"]
[Date "2023.08.11"]
[Round "1.17"]
[White "Yang, Mandi"]
[Black "Westlund, Tim"]
[Result "1-0"]
[TimeControl "15 minutes + 5 seconds per move from move one (Round 1 - 4) / 90 minutes + 30 seconds per move from move one (Round 5 - 8)"]
[WhiteFideId "1774778"]
[BlackFideId "1754718"]
[WhiteElo "1457"]
[BlackElo "1861"]

1. e4 e5 2. Nf3 Nf6 3. d4 Nxe4 4. Bd3 d5 5. dxe5 Be7 6. O-O Nc5 7. h3 Nxd3 8. Qxd3 O-O 9. Nc3 Be6 10.
Rd1 c6 11. Bf4 Nd7 12. Nd4 c5 13. Nxe6 fxe6 14. Bg3 Bh4 15. Nxd5 Bxg3 16. fxg3 Nxe5 17. Qe2 exd5 18. Qxe5 d4 19.
c3 Rc8 20. cxd4 cxd4 21. Rxd4 Qb6 22. Kh2 Qxb2 23. Qd5+ Kh8 24. Re1 Rc2 25. Rf4 Rfc8 26. Ref1 Qa3 27. Qd3 Rxg2+ 28. Kxg2 Qxa2+ 29. R4f2 Qg8 30.
Qd7 Rb8 31. Rf7 b5 32. Qxa7 Ra8 33. Qxa8 1-0

[Event "The Schackveckan 2023: Göteborg open"]
[Site "Göteborgs schackcentrum, Vegagatan 20, Gothenburg, Sweden"]
[Date "2023.08.11"]
[Round "2.1"]
[White "Hector, Jonny"]
[Black "Wesslen, Ulf"]
[Result "1-0"]
[TimeControl "15 minutes + 5 seconds per move from move one (Round 1 - 4) / 90 minutes + 30 seconds per move from move one (Round 5 - 8)"]
[WhiteTitle "GM"]
[WhiteFideId "1700090"]
[BlackFideId "1705199"]
[WhiteElo "2466"]
[BlackElo "1916"]

1. e4 e6 2. d4 d5 3. Nc3 Bb4 4. Nge2 b6 5. a3 Be7 6. g3 Bb7 7. Bg2 Nf6 8. e5 Nfd7 9. O-O c5 10.
f4 Nc6 11. Be3 f6 12. f5 fxe5 13. fxe6 Nf8 14. Nxd5 cxd4 15. Bf2 Nxe6 16. c3 d3 17. Qxd3 Nc5 18. Qf5 g6 19. Qg4 Qd7 20.
Qxd7+ Kxd7 21. Rad1 Bd6 22. Bh3+ Ne6 23. Bxb6 axb6 24. Rf7+ Ne7 25. Nf6+ Kc6 26. Bxe6 Bc5+ 27. Kg2 Kb5+ 28.
Kh3 Bf3 29. Rd2 h5 30. Nd5 Nf5 31. c4+ Ka6 32. Nc7+ Ka5 33. Bxf5 Be3 34. b4+ Ka4 35. Bd7+ Kb3 36. Rd3+ Kb2 37.
Rxf3 1-0

[Event "The Schackveckan 2023: Göteborg open"]
[Site "Göteborgs schackcentrum, Vegagatan 20, Gothenburg, Sweden"]
[Date "2023.08.11"]
[Round "2.2"]
[White "Krantz, Martin"]
[Black "Olsson, William"]
[Result "0-1"]
[TimeControl "15 minutes + 5 seconds per move from move one (Round 1 - 4) / 90 minutes + 30 seconds per move from move one (Round 5 - 8)"]
[BlackTitle "FM"]
[WhiteFideId "1724100"]
[BlackFideId "1741721"]
[WhiteElo "2000"]
[BlackElo "2400"]

1. d4 d5 2. Bf4 Nf6 3. e3 c5 4. Nd2 Nc6 5. c3 e6 6. Ngf3 Bd6 7. Bg3 O-O 8. Bd3 b6 9. e4 dxe4 10.
Nxe4 Nxe4 11. Bxe4 Bb7 12. O-O Bxg3 13. hxg3 Na5 14. Qe2 Rc8 15. dxc5 bxc5 16. Bxb7 Nxb7 17. Rfd1 Qb6 18. Rd2 Na5 19. b3 Nc6 20. Rad1 h6 21. Rd6 Qa5 22. Qc2 Ne7 23. c4 Nc6 24.
Qd2 Nb4 25. a4 Rb8 26. Ne5 Qc7 27. Nd7 Nd5 28. Rxd5 exd5 29. Nxf8 d4 30. b4 Rxb4 31. Qc2 Kxf8 32. Qh7 f6 33. Re1 Rb8 34. Qf5 Kg8 35.
a5 Rd8 36. a6 d3 37. Rd1 d2 38. Qe4 Qd6 39.
Qe2 Qd4 40. Kh2 Kf7 41. Kh3 Rd7 42. Qg4 Qd6 43. Qh5+ Kg8 44. Qe8+ Kh7 45. Qe4+ g6 46. Qe2 f5 47. f3 Qd4 48. f4 Kg7 49. Kh2 Qd3 50.
Qe6 Kh7 51. Kh3 Qd6 52. Qe2 g5 53. fxg5 hxg5 54. Qh5+ Qh6 55. g4 fxg4+ 0-1

[Event "The Schackveckan 2023: Göteborg open"]
[Site "Göteborgs schackcentrum, Vegagatan 20, Gothenburg, Sweden"]
[Date "2023.08.11"]
[Round "2.3"]
[White "Ustianovich, Nazar"]
[Black "Johansson, Roy"]
[Result "1-0"]
[TimeControl "15 minutes + 5 seconds per move from move one (Round 1 - 4) / 90 minutes + 30 seconds per move from move one (Round 5 - 8)"]
[WhiteTitle "FM"]
[WhiteFideId "14109778"]
[BlackFideId "1745972"]
[WhiteElo "2314"]
[BlackElo "1890"]

1. Nf3 f5 2. c4 Nf6 3. g3 g6 4.
Bg2 Bg7 5. O-O O-O 6. d4 d6 7. Nc3 Qe8 8. Re1 e5 9. dxe5 dxe5 10. e4 f4 11. gxf4 Nh5 12. Nd5 Na6 13. fxe5 Bg4 14. Nf6+ Nxf6 15. exf6 Bxf6 16. e5 Bg7 17.
Qd5+ Kh8 18. Qxb7 Nc5 19. Qd5 Ne6 20. Qe4 Bf5 21. Qh4 Rd8 22. Be3 a6 23. b3 Kg8 24. Rad1 Rxd1 25. Rxd1 Rf7 26.
Ng5 Bxe5 27. Nxe6 Qxe6 28. Rd8+ Rf8 29. Bd5 Qe8 1-0

[Event "The Schackveckan 2023: Göteborg open"]
[Site "Göteborgs schackcentrum, Vegagatan 20, Gothenburg, Sweden"]
[Date "2023.08.11"]
[Round "2.4"]
[White "Bjorklund, Thomas"]
[Black "Havner, Arvid"]
[Result "1-0"]
[TimeControl "15 minutes + 5 seconds per move from move one (Round 1 - 4) / 90 minutes + 30 seconds per move from move one (Round 5 - 8)"]
[WhiteFideId "1724576"]
[BlackFideId "1769308"]
[WhiteElo "2139"]
[BlackElo "1825"]

1. e4 c5 2. Nf3 d6 3.
d4 cxd4 4. Nxd4 Nf6 5. Nc3 a6 6. Bg5 Nbd7 7. Bc4 e6 8. O-O Be7 9.
Bxe6 fxe6 10. Nxe6 Qa5 11. Nxg7+ Kd8 12. Ne6+ Ke8 13. Nd5 h5 14. Nec7+ Kd8 15. Nxa8 Nxd5 16. Bd2 Qc5 17. exd5 Qxd5 18. Bc3 Qxd1 19. Raxd1 Rg8 20. Ba5+ 1-0